 Dungeon Crawl Stone Soup version 0.22-a0-305-gd21a89c (webtiles) character file.

81 Auros the Ruffian (level 4, -3/40 HPs)
             Began as a Ghoul Monk on Mar 28, 2018.
             Killed from afar by an orc wizard (5 damage)
             ... with a puff of frost
             ... on level 3 of the Dungeon.
             The game lasted 00:07:13 (1749 turns).

Auros the Ruffian (Ghoul Monk)                      Turns: 1749, Time: 00:07:13

Health: -3/40      AC:  6    Str: 15    XL:     4   Next: 40%
Magic:  3/3        EV: 10    Int:  5    God:
Gold:   88         SH:  0    Dex: 11    Spells: 3/3 levels left

rFire    . . .     SeeInvis .     - Unarmed
rCold    + . .     Gourm    .   (no shield)
rNeg     + + +     Faith    .   o - +0 scale mail rPois โˆž Spirit .
                                (no helmet)
rElec    .         Reflect  .   (no cloak)
rCorr    .         Harm     .   (no gloves)
MR       .....                  (no boots)
Stlth    +.........             (no amulet)
HPRegen  0.00/turn              (no ring)
MPRegen  0.08/turn              (no ring)

@: rotting, slowed, very slow
A: rotting body, claws 1, carnivore, cold resistance 1, negative energy
resistance 3, inhibited regeneration, torment resistance, unbreathing
a: no special abilities


You were on level 3 of the Dungeon.
You were not hungry.

You visited 1 branch of the dungeon, and saw 3 of its levels.

You collected 88 gold pieces.

Inventory:

Missiles
 e - 15 bolts
 h - 21 sling bullets
 p - 59 arrows
 q - 76 stones (quivered)
Armour
 a - a +0 robe
 o - a +0 scale mail (worn)
Scrolls
 c - 3 scrolls of identify
 d - a scroll of teleportation {unknown}
 g - a scroll of fear {unknown}
 j - a scroll of amnesia {unknown}
 k - a scroll of fog {unknown}
 m - a scroll of enchant weapon
 n - a scroll of remove curse
 r - a scroll of immolation {unknown}
Potions
 f - a potion of haste
 i - a potion of magic {unknown}
 l - a potion of cancellation {unknown}
Comestibles
 b - 7 rations
 s - 3 chunks of flesh


   Skills:
 - Level 3.7 Fighting
 + Level 0.2 Armour
 - Level 3.2 Dodging
 - Level 2.7 Stealth
 * Level 4.5 Unarmed Combat


You had 3 spell levels left.
You didn't know any spells.

Dungeon Overview and Level Annotations

Branches:
Dungeon (3/15)

Altars:
Sif Muna


Innate Abilities, Weirdness & Mutations

Your body is rotting away.
You thrive on raw meat.
You are immune to poison.
You have sharp fingernails.
You are carnivorous and can eat meat at any time.
Your flesh is cold resistant. (rC+)
You are immune to negative energy. (rN+++)
You do not regenerate when monsters are visible.
You are immune to unholy pain and torment.
You can survive without breathing.


Message History

The magic dart hits you!
* * * LOW HITPOINT WARNING * * *
There isn't anything here!
The orc wizard hits you with a dagger.
* * * LOW HITPOINT WARNING * * *
The orc wizard hits you but does no damage.
There isn't anything here!
You barely miss the orc wizard. The orc wizard barely misses you.
There isn't anything here!
The orc wizard barely misses you. The orc wizard casts a spell at you.
The puff of flame hits you!
* * * LOW HITPOINT WARNING * * *
There is a deep blue altar of Sif Muna here.
You barely miss the orc wizard.
The orc wizard hits you but does no damage. x2
There isn't anything here!
The orc wizard casts a spell at you. The puff of frost hits you! You resist.
You die...

#...####... .#
##### ###.## .. .#
#.o.#####..##
#โ‰ˆยงโ‰ˆ##......#
#...##.######
#...##.# ###'###.#
#.8.8.#.#
#.o_@.#.#
##...##.# ##.##..#
#....## ######


You could see 2 orc wizards.

Vanquished Creatures
  An orc wizard (D:2)
  A worm (D:2)
  A dart slug (D:1)
  A leopard gecko (D:1)
  4 orcs (D:2)
  A ball python (D:2)
  2 giant cockroaches
  9 goblins
  A hobgoblin (D:2)
  3 jackals (D:2)
  5 bats
  4 frilled lizards
  5 kobolds
  8 rats
46 creatures vanquished.

Notes
Turn   | Place    | Note
-------+----------+-------------------------------------------
     0 | D:1      | Auros the Ghoul Monk began the quest for the Orb.
     0 | D:1      | Reached XP level 1. HP: 19/19 MP: 0/0
   277 | D:1      | Reached XP level 2. HP: 25/26 MP: 1/1
   886 | D:2      | Reached XP level 3. HP: 31/31 MP: 2/2
   931 | D:2      | Reached skill level 4 in Unarmed Combat
   931 | D:2      | Reached XP level 4. HP: 28/40 MP: 3/3
  1730 | D:3      | Found a deep blue altar of Sif Muna.
  1747 | D:3      | HP: 2/40 [orc wizard/puff of flame (9)]
  1749 | D:3      | Killed from afar by an orc wizard

Vault maps used:
D:1:      sevenhm_arrival_forest_fort_small_4, nrook_loot_triangle
D:2:      first_ration, hangedman_decor_points,
          hangedman_abyss_or_decor_lesser_grid
D:3:      led_sif_book, uniq_natasha

Skill      XL: |  1  2  3 |
---------------+----------+-----
Dodging        | 3 |  3.2
Unarmed Combat | 4 |  4.5
Fighting       | |  3.7
Armour         | |  0.2
Stealth        | |  2.7

Action                   |  1- 3 |  4- 6 || total
-------------------------+-------+-------++-------
Melee: Unarmed           |    86 |    58 ||   144
       Punch             |       |     1 ||     1
  Use: Scroll            |       |     3 ||     3
 Stab: Sleeping          |     2 |       ||     2
  Eat: Chunk             |     9 |    12 ||    21
       Ration            |     1 |     1 ||     2
Armor: Robe              |     7 |     1 ||     8
       Scale mail        |       |    26 ||    26
Dodge: Dodged            |    50 |    44 ||    94

Table legend:
 A = Spawn XP
 B = Non-spawn XP
 C = Spawn XP percentage of total XP
 D = Spawn monster count
 E = Non-spawn monster count
 F = Spawn count percentage of total count
 G = Total turns spent on level
                    A         B        C        D         E        F      G
               +---------+---------+-------+---------+---------+-------+---------
         Total |       0 |     116 |   0.0 |       0 |      46 |   0.0 |  1749
               +---------+---------+-------+---------+---------+-------+---------
           D:1 |       0 |      25 |   0.0 |       0 |      15 |   0.0 |   613
           D:2 |       0 |      75 |   0.0 |       0 |      20 |   0.0 |   818
           D:3 |       0 |      16 |   0.0 |       0 |      11 |   0.0 |   318
               +---------+---------+-------+---------+---------+-------+---------
